Map: 어스름 탑

Players

september

  • Race: Zerg Zerg
  • League: Diamond

BepHblN - Winner!

  • Race: Protoss Protoss
  • League: Diamond

VOD

Have the link to the VOD?

Description

Time

  • Played on: Jan. 11, 2016, 7:46 p.m.
  • Length: 7:10
Show
View Real Time Build Order
Export as new Build Order

september Zerg 

Build Orders: 3 Hatch before Pool 

Get SALT Encoding   

  12  0:01  Drone  
  13  0:10  Drone  
  14  0:17  Overlord  
  14  0:28  Drone, Extractor x2  
  13  0:29  Drone  
  16  0:35  Drone  
  17  0:45  Drone  
  18  0:58  Hatchery  
  18  1:01  Drone  
  18  1:21  Hatchery  
  18  1:24  Drone  
  18  1:36  Spawning Pool  
  18  1:39  Drone  
  18  1:44  Extractor  
  18  1:45  Drone  
  18  1:51  Drone x2  
  20  2:03  Overlord  
  20  2:13  Drone x2  
  22  2:23  Queen  
  22  2:25  Queen  
  26  2:30  Zergling x2  
  26  2:32  Zergling x2  
  28  2:43  Drone x3  
  31  2:45  Drone  
  31  2:49  Metabolic Boost  
  32  2:57  Queen  
  34  3:14  Drone  
  34  3:15  Drone x6  
  34  3:19  Overlord  
  41  3:23  Overlord  
  41  3:32  Roach Warren  
  39  3:45  Spore Crawler  
  39  3:47  Spore Crawler  
  36  3:52  Drone x2  
  36  3:53  Drone x5  
  36  3:54  Drone x2  
  45  4:02  Overlord  
  45  4:11  Spore Crawler  
  45  4:12  Roach x3  
  45  4:14  Overlord  
  50  4:29  Roach  
  50  4:30  Roach x3  
  58  4:38  Lair  
  58  4:40  Zergling x8  
  58  4:42  Drone, Zergling x2  
  58  4:43  Drone x2  
  58  4:44  Overlord  
  66  4:56  Evolution Chamber, Overlord  
  66  4:59  Evolution Chamber  
  64  5:04  Drone, Extractor  
  64  5:05  Drone x5  
  64  5:06  Drone  
  64  5:07  Drone x2  
  72  5:24  Drone x4  
  72  5:25  Zergling x2  
  72  5:26  Zergling x10  
  82  5:43  Overlord x2  
  82  5:50  Overlord x2  
  74  5:58  Overlord x2  
  67  6:07  Roach x4  
  67  6:08  Zergling x12  
  79  6:16  Roach  
  79  6:18  Zergling x2  
  74  6:26  Roach x2  
  74  6:27  Zergling x2  
  78  6:35  Zergling x20  
  87  6:40  Overlord  
  87  6:41  Overlord  
  72  7:07  Hatchery  
Show
View Real Time Build Order
Export as new Build Order

BepHblN Protoss - Winner!

Build Orders: Nexus First 

Get SALT Encoding   

  12  0:01  Probe (Chrono Boost)  
  13  0:11  Probe (Chrono Boost)  
  14  0:18  Pylon  
  14  0:22  Probe (Chrono Boost)  
  15  0:36  Probe (Chrono Boost)  
  16  0:46  Probe (Chrono Boost)  
  17  1:01  Nexus  
  17  1:15  Probe (Chrono Boost), Gateway  
  18  1:26  Gateway  
  18  1:32  Probe (Chrono Boost)  
  19  1:35  Assimilator  
  19  1:42  Assimilator  
  19  1:43  Probe (Chrono Boost)  
  20  1:53  Probe (Chrono Boost)  
  21  2:04  Cybernetics Core  
  21  2:06  Probe (Chrono Boost)  
  22  2:16  Probe x2 (Chrono Boost)  
  24  2:26  Probe (Chrono Boost)  
  24  2:27  Probe (Chrono Boost)  
  27  2:37  Probe x2 (Chrono Boost), Pylon  
  27  2:41  Stalker (Chrono Boost)  
  27  2:43  Stalker (Chrono Boost)  
  32  2:46  Warp Gate  
  32  2:49  Probe  
  33  2:52  Probe  
  34  3:01  Probe  
  34  3:04  Probe  
  36  3:10  Robotics Facility  
  36  3:13  Probe  
  36  3:16  Probe  
  38  3:25  Probe  
  39  3:28  Probe  
  40  3:34  Twilight Council  
  40  3:38  Gateway  
  40  3:49  Gateway  
  40  3:52  Gateway  
  40  3:54  Probe x2  
  42  3:56  Gateway  
  42  4:00  Observer  
  43  4:02  Blink  
  43  4:06  Probe x2  
  43  4:07  Assimilator  
  45  4:12  Assimilator  
  45  4:18  Probe  
  46  4:24  Pylon  
  46  4:28  Pylon  
  46  4:31  Pylon  
  46  4:42  Probe x2  
  48  4:50  Immortal (Chrono Boost)  
  52  4:54  Probe x2  
  52  4:56  Pylon  
  52  4:57  Sentry x2  
  52  4:58  Sentry x2  
  62  5:00  Zealot  
  62  5:03  Stalker  
  66  5:15  Pylon  
  66  5:34  Stalker x5  
  66  5:35  Stalker  
  78  5:41  Pylon  
  78  5:42  Pylon  
  70  5:57  Stalker x3  
  70  5:58  Stalker x3  
  70  6:20  Stalker  
  70  6:21  Stalker x4  
  70  6:24  Stalker  
  81  6:44  Stalker x2  
  81  6:45  Stalker x2  
  81  6:46  Zealot  
  81  7:05  Stalker  
Tags
 
Add a new tag
Caveats
  • Supply blocks, unpowered buildings, or Contaminate may cause inaccurate times.
  • Supply counts are checked every 10 seconds.